 Dungeon Crawl Stone Soup version 0.28.0-45-g0d030f2227 (webtiles) character file.

Game seed: 16815239864741407513

455 Ablot the Cutter (level 7, 0/59 HPs)
             Began as a Gnoll Chaos Knight on Apr 22, 2022.
             Was a Plaything of Xom.
             Slain by a scorpion (13 damage)
             ... on level 4 of the Dungeon.
             The game lasted 00:05:09 (3120 turns).

Ablot the Cutter (Gnoll Chaos Knight)               Turns: 3120, Time: 00:05:11

Health: 0/59       AC:  4    Str: 13    XL:     7   Next: 5%
Magic:  10/10      EV: 12    Int: 18    God:    Xom [....*.]
Gold:   184        SH:  0    Dex: 11    Spells: 8/10 levels left

rFire   + . .      SeeInvis .   a - +0 short sword (chaos)
rCold   + . .      Faith    +   (no shield)
rNeg    . . .      Spirit   .   b - +2 robe {rC+ rF+}
rPois   +          Reflect  .   (helmet restricted)
rElec   .          Harm     .   (no cloak)
rCorr   .          Rampage  .   (no gloves)
Will    .....                   (no boots)
Stlth   ++........              i - amulet of faith
HPRegen 0.19/turn               v - +6 ring of intelligence
MPRegen 0.12/turn               t - ring of poison resistance

@: brilliant, cleaving
A: fangs 1, strong nose, distributed training, antennae 1
a: Renounce Religion


You were on level 4 of the Dungeon.
You worshipped Xom.
You were a beloved toy of Xom.
You visited 1 branch of the dungeon, and saw 4 of its levels.

You collected 184 gold pieces.

Inventory:

Hand Weapons
 a - a +0 short sword of chaos (weapon)
Missiles
 c - 37 arrows
 d - 96 stones (quivered)
 u - 40 bolts
Armour
 b - a +2 robe of resistance (worn)
Jewellery
 i - an amulet of faith (around neck)
 l - a ring of see invisible
 t - a ring of poison resistance (right hand)
 v - a +6 ring of intelligence (left hand)
 w - a ring of protection from cold
Wands
 r - a wand of mindburst (11)
Scrolls
 m - a scroll of immolation {unknown}
 n - 2 scrolls of teleportation {unknown}
 o - a scroll of blinking {unknown}
 p - 2 scrolls of identify {unknown}
 q - a scroll of noise {unknown}
 s - a scroll of enchant weapon {unknown}
Potions
 e - a potion of curing {unknown}
 f - 2 potions of lignification {unknown}
 g - 3 potions of brilliance
 h - a potion of flight {unknown}
 j - a potion of heal wounds {unknown}
 k - 2 potions of resistance {unknown}


   Skills:
 + Level 6.9 Fighting
 + Level 6.9 Short Blades
 + Level 2.2 Long Blades
 + Level 2.2 Axes
 + Level 2.2 Maces & Flails
 + Level 2.2 Polearms
 + Level 2.2 Staves
 + Level 2.2 Slings
 + Level 2.2 Bows
 + Level 2.2 Crossbows
 + Level 2.2 Throwing
 + Level 5.1 Armour
 + Level 3.4 Dodging
 + Level 2.2 Stealth
 + Level 2.2 Shields
 + Level 2.2 Unarmed Combat
 + Level 2.2 Spellcasting
 + Level 1.8 Conjurations
 + Level 1.8 Hexes
 + Level 1.8 Summonings
 + Level 1.8 Necromancy
 + Level 1.8 Translocations
 + Level 1.8 Transmutations
 + Level 1.8 Fire Magic
 + Level 1.8 Ice Magic
 + Level 1.8 Air Magic
 + Level 1.8 Earth Magic
 + Level 1.8 Poison Magic
 + Level 2.5 Invocations
 + Level 2.2 Evocations


You had 8 spell levels left.
You knew the following spells:

 Your Spells              Type           Power      Damage    Failure   Level
a - Blink                 Tloc           24%        N/A       13%         2

Your spell library contained the following spells:

 Spells                   Type           Power      Damage    Failure   Level
 Gell's Gravitas          Tloc           12%        N/A       26%         3
 Lesser Beckoning         Tloc           12%        N/A       26%         3
 Teleport Other           Tloc           12%        N/A       26%         3
 Manifold Assault         Tloc           12%        N/A       93%         5


Dungeon Overview and Level Annotations

Branches:
Dungeon (4/15)
 Temple: D:4-7

Altars:
Xom

Shops:
D:3 :


Innate Abilities, Weirdness & Mutations

You have very sharp teeth.
Your uncanny sense of smell can sniff out nearby items.
Your experience applies equally to all skills.
You have a pair of small antennae on your head.


Message History

The scorpion stings your quasit.
Your quasit is poisoned.
The scorpion poisons your quasit!
Your quasit bites the scorpion.
Your quasit closely misses the scorpion.
Your quasit claws the scorpion.
The scorpion completely misses your quasit.
Your quasit barely misses the scorpion.
Your quasit claws the scorpion but does no damage. x2
A black bear comes into view.
The scorpion stings your quasit.
Your quasit bites the scorpion but does no damage.
Your quasit closely misses the scorpion.
Your quasit claws the scorpion but does no damage.
The scorpion closely misses your quasit.
Your quasit barely misses the scorpion.
Your quasit claws the scorpion but does no damage.
Your quasit completely misses the scorpion.
The scorpion closely misses your quasit.
Your quasit closely misses the scorpion.
Your quasit claws the scorpion but does no damage.
Your quasit claws the scorpion.
Unknown command.
The scorpion closely misses your quasit.
Your quasit bites the scorpion but does no damage.
Your quasit closely misses the scorpion.
Your quasit claws the scorpion but does no damage.
Your quasit dies!
Your quasit disappears in a puff of smoke!
The scorpion barely misses you.
Unknown command. "Heh heh heh..."
The scorpion looks rather confused.
The black bear looks rather confused.
The scorpion closely misses you.
You hit the scorpion but do no damage.
The scorpion goes berserk!
Xom thinks this is hilarious!
You bite the scorpion, but do no damage.
The scorpion is moderately wounded.
The scorpion stings you!
You die...
Xom howls with laughter!

....#.#.##..###
........##.##
#....##..#.#
..## #....# #
###....##
#........#
#........##
.........h.###
##....)....s@#
#.........###
#.......$..
#...........
...........
.........###
....>...#
.......


You could see a black bear (confused) and a scorpion (berserk, confused).

Vanquished Creatures
  A howler monkey (D:4)
  A hound (D:4)
  Ijyb (D:3)
  2 gnolls (D:2)
  2 adders (D:2)
  An adder skeleton (D:3)
  2 worms (D:2)
  A dart slug (D:2)
  5 orcs (D:3)
  2 endoplasms (D:1)
  A giant cockroach (D:2)
  6 hobgoblins
  2 jackals (D:1)
  A quokka (D:2)
  9 ball pythons
  A frilled lizard (D:1)
  6 goblins
  7 kobolds
  2 rats
53 creatures vanquished.

Vanquished Creatures (collateral kills)
  A hog (shapeshifter) (D:2)
  A warg (D:4)
  A lemure (D:4)
  A gnoll (D:2)
  A hobgoblin (D:2)
5 creatures vanquished.

Vanquished Creatures (others)
  A lemure (D:4)
  A hobgoblin (D:3)
2 creatures vanquished.

Grand Total: 60 creatures vanquished

Notes
Turn   | Place    | Note
-------+----------+-------------------------------------------
     0 | D:1      | Ablot the Gnoll Chaos Knight began the quest for the Orb.
     0 | D:1      | Reached XP level 1. HP: 23/23 MP: 1/1
    68 | D:1      | XOM: silly message
   162 | D:1      | Reached XP level 2. HP: 16/29 MP: 2/2
   317 | D:1      | Found a faded altar of an unknown god.
   670 | D:2      | XOM: enchant monster (good)
   676 | D:2      | Reached XP level 3. HP: 35/35 MP: 2/4
   681 | D:2      | Reached skill level 1 in Invocations
   683 | D:2      | Noticed a shapeshifter
   683 | D:2      | a gnoll changed into a shapeshifter
   683 | D:2      | XOM: summons 3 friendly demons
   683 | D:2      | Noticed a hog
   683 | D:2      | a shapeshifter changed into a hog
   695 | D:2      | Killed a hog
   696 | D:2      | Reached skill level 1 in Long Blades
   696 | D:2      | Reached skill level 1 in Axes
   696 | D:2      | Reached skill level 1 in Maces & Flails
   696 | D:2      | Reached skill level 1 in Polearms
   696 | D:2      | Reached skill level 1 in Staves
   696 | D:2      | Reached skill level 1 in Slings
   696 | D:2      | Reached skill level 1 in Bows
   696 | D:2      | Reached skill level 1 in Crossbows
   696 | D:2      | Reached skill level 1 in Throwing
   696 | D:2      | Reached skill level 1 in Stealth
   696 | D:2      | Reached skill level 1 in Shields
   696 | D:2      | Reached skill level 1 in Unarmed Combat
   696 | D:2      | Reached skill level 1 in Spellcasting
   696 | D:2      | Reached skill level 1 in Conjurations
   696 | D:2      | Reached skill level 1 in Hexes
   696 | D:2      | Reached skill level 1 in Summonings
   696 | D:2      | Reached skill level 1 in Necromancy
   696 | D:2      | Reached skill level 1 in Translocations
   696 | D:2      | Reached skill level 1 in Transmutations
   696 | D:2      | Reached skill level 1 in Fire Magic
   696 | D:2      | Reached skill level 1 in Ice Magic
   696 | D:2      | Reached skill level 1 in Air Magic
   696 | D:2      | Reached skill level 1 in Earth Magic
   696 | D:2      | Reached skill level 1 in Poison Magic
   696 | D:2      | Reached skill level 1 in Evocations
   696 | D:2      | Reached XP level 4. HP: 20/41 MP: 3/6
   696 | D:2      | Reached XP level 5. HP: 23/47 MP: 3/7
  1149 | D:2      | XOM: 7-stop teleportation journey
  1198 | D:2      | XOM: polymorph bat -> gnoll
  1577 | D:2      | Reached XP level 6. HP: 33/53 MP: 8/8
  1695 | D:2      | XOM: silly message
  2045 | D:3      | Noticed Ijyb
  2318 | D:3      | Killed Ijyb
  2332 | D:3      | Found Equxuika's Book Boutique.
  2338 | D:3      | XOM: noise
  2531 | D:3      | XOM: scenery: create altars
  2630 | D:3      | Learned a level 2 spell: Blink
  2786 | D:3      | XOM: 2-stop teleportation journey
  2847 | D:3      | XOM: god gift: glowing diamond ring {god gift}
  2889 | D:3      | XOM: 9-stop teleportation journey
  2922 | D:3      | XOM: god gift: flail {god gift}
  2956 | D:3      | XOM: give mutation
  2956 | D:3      | Gained mutation: You have a pair of small antennae on your
                  | head. [Xom's grace]
  3071 | D:4      | Reached skill level 5 in Armour
  3082 | D:4      | XOM: cleaving
  3092 | D:4      | XOM: divine lightning
  3094 | D:4      | Noticed Pikel
  3094 | D:4      | XOM: summons 2 friendly demons
  3095 | D:4      | Noticed Pikel
  3095 | D:4      | Pikel changed into Pikel the warg
  3095 | D:4      | XOM: polymorph Pikel -> Pikel the warg
  3106 | D:4      | Killed Pikel the warg
  3107 | D:4      | Reached XP level 7. HP: 10/59 MP: 10/10
  3119 | D:4      | XOM: confuse monster(s)
  3120 | D:4      | Slain by a scorpion

Illustrated notes

Levels and vault maps discovered:
D:1:      dpeg_arrival_fog, layout_rooms, dreamdust_ecumenical_altar_statues,
          minmay_tromino_v4_c
D:2:      layout_loops_corners, minivault_5, minmay_fractal_squares_gapless_5
D:3:      layout_rooms, serial_shops, nicolae_square_shop, kennysheep_path_1,
          uniq_ijyb
D:4:      layout_rooms, marbit_many_paths, lemuel_doored_altar, temple_hall,
          uniq_pikel

Skill      XL: |  1  2  3  4  5  6 |
---------------+-------------------+-----
Invocations    | 1 2 |  2.5
Long Blades    | 1 2 |  2.2
Axes           | 1 2 |  2.2
Maces & Flails | 1 2 |  2.2
Polearms       | 1 2 |  2.2
Staves         | 1 2 |  2.2
Slings         | 1 2 |  2.2
Bows           | 1 2 |  2.2
Crossbows      | 1 2 |  2.2
Throwing       | 1 2 |  2.2
Dodging        | 3 |  3.4
Stealth        | 1 2 |  2.2
Shields        | 1 2 |  2.2
Unarmed Combat | 1 2 |  2.2
Spellcasting   | 1 2 |  2.2
Conjurations   | 1 |  1.8
Hexes          | 1 |  1.8
Summonings     | 1 |  1.8
Necromancy     | 1 |  1.8
Translocations | 1 |  1.8
Transmutations | 1 |  1.8
Fire Magic     | 1 |  1.8
Ice Magic      | 1 |  1.8
Air Magic      | 1 |  1.8
Earth Magic    | 1 |  1.8
Poison Magic   | 1 |  1.8
Evocations     | 1 2 |  2.2
Armour         | 5 |  5.1
Fighting       | |  6.9
Short Blades   | |  6.9

Action                   |  1- 3 |  4- 6 |  7- 9 || total
-------------------------+-------+-------+-------++-------
Melee: Short sword       |    65 |   140 |     1 ||   206
       Bite              |     5 |    18 |     1 ||    24
       Punch             |       |     2 |       ||     2
Throw: Stone             |     1 |       |       ||     1
  Use: Potion            |       |     1 |       ||     1
 Stab: Sleeping          |     1 |     2 |       ||     3
       Distracted        |       |     1 |       ||     1
       Paralysed         |       |     1 |       ||     1
Armor: Leather armour    |     6 |       |       ||     6
       Robe              |     6 |    53 |       ||    59
Dodge: Dodged            |    22 |    85 |     2 ||   109
